 Dungeon Sprint DCSS version 0.30-a0-458-g86641cc369 (webtiles) character file.

Game seed: 6996459943458166857

7 BigDaddyOpFi the Covered (level 1, -4/20 HPs)
             Began as an Armataur Fighter on Dec 14, 2022.
             Was an Initiate of Qazlal.
             Slain by a gnoll
             ... wielding a +0 flail
              (11 damage)
             ... in the Dungeon (Sprint VII: "The Pits").
             The game lasted 00:00:31 (62 turns).

BigDaddyOpFi the Covered (Armataur Fighter)           Turns: 62, Time: 00:00:32

Health: -4/20      AC:  7    Str: 21    XL:     1   Next: 83%
Magic:  1/2        EV:  7    Int:  8    God:    Qazlal [......]
Gold:   0          SH:  4    Dex:  9    Spells: 0/0 levels left

rFire   . . .      SeeInvis .    a - +0 war axe
rCold   . . .      Faith    .    c - +0 buckler
rNeg    . . .      Spirit   .    b - +0 scale mail
rPois   .          Reflect  .    (no helmet)
rElec   .          Harm     .    (no cloak)
rCorr   .          Roll     +    (no gloves)
Will    .....      NoTele   +    (no barding)
Stlth   ..........               (no amulet)
HPRegen 0.23/turn                (no ring)
MPRegen 0.08/turn                (no ring)

@: mighty
A: large, rugged brown scales 3, deformed body, armoured tail, roll, long
tongue, awkward tongue
a: Renounce Religion


You were in the Dungeon.
You worshipped Qazlal.
Qazlal was noncommittal.
You visited 1 branch

Inventory:

Hand Weapons
 a - a +0 war axe (weapon)
Armour
 b - a +0 scale mail (worn)
 c - a +0 buckler (worn)
Scrolls
 j - a scroll of blinking
Potions
 e - a potion of curing
 g - a potion of haste
 h - 4 potions of magic
 i - 3 potions of berserk rage
 k - 2 potions of invisibility


   Skills:
 + Level 3.0 Fighting
 + Level 2.0 Axes
 + Level 4.1 Armour
 + Level 3.8 Shields
 * Level 1.4 Invocations


You couldn't memorise any spells.
You didn't know any spells.
Your spell library was empty.

Dungeon Overview and Level Annotations

Branches:
Dungeon (1/1)

Altars:
Ashenzari
Cheibriados
Dithmenos
Elyvilon
Fedhas
Gozag
Hepliaklqana
Kikubaaqudgha
Makhleb
Nemelex Xobeh
Okawaru
Qazlal
Ru
Sif Muna
Trog
Uskayaw
Vehumet
Wu Jian
Xom
Yredelemnul
Zin
The Shining One
Jiyva
Lugonu


Innate Abilities, Weirdness & Mutations

You are completely covered in rugged brown scales. (AC +3, +7% HP)
Armour fits poorly on your strangely shaped body.
You have a long armoured tail.
You roll when moving toward enemies. (Rampage)
Your long tongue fully drains potion bottles. (2x potion effects)
Your tongue gives you trouble enunciating. (1.5x scroll delay)


Message History

The ufetubus hits you but does no damage. x2
The ufetubus hits you.
The ufetubus hits you but does no damage.
You hit the ufetubus but do no damage. The ufetubus hits you.
The ufetubus hits you but does no damage.
The ufetubus barely misses you. The ufetubus closely misses you.
You barely miss the ufetubus. The ufetubus barely misses you.
The ufetubus hits you but does no damage. x2
You block the ufetubus's attack. The ufetubus hits you. x2
You completely miss the ufetubus. You block the ufetubus's attack.
The ufetubus closely misses you.
The ufetubus hits you but does no damage.
The ufetubus barely misses you.
You slurp down every last drop of the potion of might!
You feel very mighty all of a sudden. The ufetubus barely misses you.
The ufetubus hits you.
You closely miss the ufetubus.
The ufetubus hits you but does no damage.
The ufetubus closely misses you. The ufetubus hits you.
* * * LOW HITPOINT WARNING * * *
The ufetubus hits you.
* * * LOW HITPOINT WARNING * * *
You slurp down every last drop of the potion of heal wounds!
You feel much better. The ufetubus hits you. The ufetubus barely misses you.
The ufetubus hits you.
The ufetubus hits you but does no damage.
Okay, then.
You barely miss the ufetubus. You block the ufetubus's attack.
The ufetubus hits you but does no damage. x3
You slash the ufetubus!
You kill the ufetubus!
Qazlal accepts your kill. The gnoll hits you with a +0 flail!
Your Fighting skill increases to level 3!
Your Axes skill increases to level 2!
Your Armour skill increases to level 4!
Your Invocations skill increases to level 1!
You barely miss the gnoll. You block the gnoll's attack.
You barely miss the gnoll. The gnoll hits you with a +0 flail!
Ouch! That really hurt!
You die...

############ #_________.#
#_________.#
#_______...###########++#
##########'##............
#.?(.')))'.##......#..#..
##########.##............
.......@..)'............
+#####g#####......#..#..
#.. #............ +..
####'#####++# ###
#.......# #.......#
#.......# #...<...#
#.......#


You could see a gnoll.

Vanquished Creatures
  An ufetubus (D)
  A goblin (D)
2 creatures vanquished.

Notes
Turn   | Place    | Note
-------+----------+-------------------------------------------
     0 | D        | BigDaddyOpFi the Armataur Fighter began the quest for the
                  | Orb.
     0 | D        | Reached XP level 1. HP: 19/19 MP: 1/1
    21 | D        | Found a bloodstained altar of Trog.
    21 | D        | Found a shimmering blue altar of Sif Muna.
    21 | D        | Found a viscous altar of Jiyva.
    21 | D        | Found a hazy altar of Hepliaklqana.
    21 | D        | Found an opulent altar of Gozag.
    22 | D        | Found a glowing golden altar of the Shining One.
    22 | D        | Found a glowing silver altar of Zin.
    22 | D        | Found a basalt altar of Yredelemnul.
    22 | D        | Found a shimmering altar of Xom.
    22 | D        | Found an ornate altar of the Wu Jian Council.
    22 | D        | Found a sacrificial altar of Ru.
    22 | D        | Found a stormy altar of Qazlal.
    22 | D        | Found an iron altar of Okawaru.
    22 | D        | Found a sparkling altar of Nemelex Xobeh.
    22 | D        | Found a burning altar of Makhleb.
    22 | D        | Found a blossoming altar of Fedhas.
    22 | D        | Found a white marble altar of Elyvilon.
    22 | D        | Found a shadowy altar of Dithmenos.
    22 | D        | Found a snail-covered altar of Cheibriados.
    23 | D        | Found a radiant altar of Vehumet.
    23 | D        | Found a corrupted altar of Lugonu.
    24 | D        | Found a hide-covered altar of Uskayaw.
    24 | D        | Found an ancient bone altar of Kikubaaqudgha.
    24 | D        | Found a broken altar of Ashenzari.
    27 | D        | Became a worshipper of Qazlal Stormbringer
    61 | D        | Reached skill level 4 in Armour
    61 | D        | Reached skill level 1 in Invocations
    62 | D        | Slain by a gnoll

Illustrated notes

Levels and vault maps discovered:
D:        pitsprint [storerooms_1, entrance_room_1, metal_vault_4, armoury_1,
          mini_pit_1, grid_room_1, main_hall_1, silver_pit, the_coven_3,
          the_vestibule_1, steel_vault_4, golden_pit, hallway_of_sentries,
          crystal_vault_4, iron_vault_1, final_vault]

Skill      XL: |  1 |
---------------+----+-----
Fighting       | 3 |  3.0
Axes           | 2 |  2.0
Armour         | 4 |  4.1
Invocations    | 1 |  1.4
Shields        | |  3.8

Action                   || total
-------------------------++-------
Melee: War axe           ||    14
  Use: Potion            ||     2
Armor: Scale mail        ||    19
Dodge: Dodged            ||    12
Block: Buckler           ||     5

Table legend: (Time is in decaauts)
 A = Elapsed time spent in this place.
 B = Non-inter-level travel time spent in this place.
 C = Inter-level travel time spent in this place.
 D = Time resting spent in this place.
 E = Time spent auto-exploring this place.
 F = Levels seen in this place.
 G = Mean time per level.
                   A        B        C        D        E       F      G
               +--------+--------+--------+--------+--------+-----+--------+
         Total |     67 |     67 |      0 |      0 |      0 |   1 |   67.0 |
       Dungeon |     67 |     67 |      0 |      0 |      0 |   1 |   67.0 |
               +--------+--------+--------+--------+--------+-----+--------+

Top non-repeatable levels by time:
       D: 67 daAuts
